 Dungeon Crawl Stone Soup version 0.31-a0-325-g067879e3d3 (webtiles) character file.

Game seed: 18402232936553987944

403 porpoise the Skirmisher (level 7, 0/44 HPs)
             Began as a Kobold Hunter on July 19, 2023.
             Was an Initiate of Hepliaklqana.
             Slain by a gnoll bouda
             ... wielding a +0 club
              (6 damage)
             ... on level 5 of the Dungeon.
             The game lasted 00:09:23 (3888 turns).

porpoise the Skirmisher (Kobold Hunter)             Turns: 3888, Time: 00:09:24

Health: 0/44       AC:  6    Str:  8    XL:     7   Next: 11%
Magic:  7/7        EV: 15    Int: 15    God:    Hepliaklqana [......]
Gold:   240        SH:  0    Dex: 26    Spells: 6/6 levels left

rFire   . . .        a - +1 shortbow
rCold   x . .        (shield currently unavailable)
rNeg    . . .        F - +1 leather armour of the Untouchables {rElec rC- Will+++ Int+4}
rPois   .            t - +0 hat
rElec   +            C - +0 cloak
rCorr   .            A - +0 pair of gloves
SInv    .            (no boots)
Will    +++..        (no amulet)
Stlth   +++          u - +6 ring of dexterity
HPRegen 0.27/turn    (no ring)
MPRegen 0.10/turn

%: no passive effects
@: lethally poisoned (0 -> -9), weakened
A: small, no large weapons, nightstalker 3
a: Renounce Religion


You were on level 5 of the Dungeon.
You worshipped Hepliaklqana.
Hepliaklqana was noncommittal.
You visited 2 branches of the dungeon, and saw 6 of its levels.

You collected 273 gold pieces.
You spent 33 gold pieces at shops.

Inventory:

Hand Weapons
 a - a +1 shortbow (weapon)
 b - a +3 short sword
 d - a +0 short sword of holy wrath
Missiles
 B - 2 throwing nets
 G - 5 poisoned darts
Armour
 c - a +0 leather armour
 t - a +0 hat (worn)
 A - a +0 pair of gloves (worn)
 C - a +0 cloak (worn)
 F - the +1 leather armour of the Untouchables (worn) {rElec rC- Will+++ Int+4}
   (You found it on level 4 of the Dungeon)

   Int:       It affects your intelligence (+4).
   rC:        It makes you vulnerable to cold.
   rElec:     It insulates you from electricity.
   Will:      It greatly increases your willpower.
Jewellery
 f - an amulet of faith
 u - a +6 ring of dexterity (left hand)
Talismans
 e - a beast talisman
 p - a maw talisman
Wands
 w - a wand of polymorph (12)
Scrolls
 h - a scroll of amnesia
 i - a scroll of immolation {unknown}
 m - a scroll of fog {unknown}
 o - a scroll of noise
 q - a scroll of enchant weapon
 s - 3 scrolls of butterflies
 x - a scroll of teleportation {unknown}
 y - a scroll of blinking {unknown}
 E - a scroll of poison {unknown}
Potions
 g - 3 potions of curing
 j - a potion of ambrosia
 k - a potion of invisibility
 l - 3 potions of heal wounds
 n - 2 potions of enlightenment
 r - a potion of mutation
 v - a potion of haste {unknown}
 z - a potion of attraction {unknown}
 D - a potion of resistance {unknown}


   Skills:
 + Level 4.8 Fighting
 * Level 9.0 Ranged Weapons
 - Level 2.4 Dodging
 - Level 1.3 Stealth


You had 6 spell levels left.
You didn't know any spells.
Your spell library contained the following spells:

 Spells                   Type           Power      Damage    Failure   Level
 Gell's Gravitas          Tloc           0%         N/A       75%         3
 Teleport Other           Tloc           0%         N/A       75%         3
 Dispersal                Tloc           0%         N/A       100%        6


Dungeon Overview and Level Annotations

Branches:
Dungeon (5/15)             Temple (1/1) D:4

Altars:
Ashenzari
Cheibriados
Dithmenos
Elyvilon
Fedhas
Hepliaklqana
Kikubaaqudgha
Makhleb
Nemelex Xobeh
Qazlal
Ru
Sif Muna
Trog
Uskayaw
Yredelemnul
Zin

Shops:
D:2 ?   D:3 [


Innate Abilities, Weirdness & Mutations

You are small and have problems with some larger weapons.
You are completely attuned to the shadows.


Message History

The gnoll bouda gazes fiercely through you!
You feel as though you will be weak longer.
The gnoll bouda closely misses you. The gnoll closely misses you.
What are your orders? t - Shout!
Orders for allies: a - Attack new target. p - Attack previous target. r - Retreat! s - Stop attacking. g - Guard the area. f - Follow me.
Anything else - Cancel.
Okay, then.
The gnoll bouda gazes fiercely through you!
You feel as though you will be weak longer.
You shoot an arrow. The arrow hits the gnoll.
The gnoll is moderately wounded.
The gnoll hits you from afar with a +2 spear of venom.
You are poisoned.
The gnoll bouda barks out a call to the hunt!
The gnoll picks up the pace!
You shoot an arrow. The arrow hits the gnoll.
The gnoll is severely wounded.
You feel very sick.
The gnoll bouda calls upon its god to heal the gnoll.
The gnoll is healed somewhat.
The gnoll hits you from afar with a +2 spear of venom.
You are lethally poisoned!
You feel very sick.
The gnoll hits you with a +2 spear of venom.
* * * LOW HITPOINT WARNING * * *
You shoot an arrow. The arrow closely misses the gnoll.
* * * LOW HITPOINT WARNING * * *
You feel very sick.
The gnoll bouda hits you with a +0 club.
* * * LOW HITPOINT WARNING * * *
The gnoll barely misses you.
You shoot an arrow. The arrow hits the gnoll!
The gnoll is almost dead.
* * * LOW HITPOINT WARNING * * *
You feel very sick.
The gnoll bouda hits you with a +0 club.
You die...

#.#.###......
#..>.##.......
##.#..#.......
#.##........
#. ####...##..
#. #...##.#
#..#..#.# ###.
#.###...##....
#.. #..g@..#
#. #..g####
....g..#
.!..###g...
.... #).. ..
g). ..


You could see a gnoll bouda and 2 gnolls.

Vanquished Creatures
  A scorpion (D:4)
  A howler monkey (D:4)
  A jelly (D:4)
  An iguana (D:4)
  A gnoll bouda (D:4)
  An orc wizard (D:4)
  7 gnolls
  4 adders
  2 dart slugs
  2 orcs
  8 bats
  10 endoplasms
  4 giant cockroaches
  9 goblins
  7 hobgoblins
  4 jackals
  3 quokkas
  10 ball pythons
  5 frilled lizards
  12 kobolds
  4 rats
97 creatures vanquished.

Notes
Turn   | Place    | Note
-------+----------+-------------------------------------------
     0 | D:1      | porpoise the Kobold Hunter began the quest for the Orb.
     0 | D:1      | Reached XP level 1. HP: 12/12 MP: 1/1
   108 | D:1      | Reached XP level 2. HP: 18/18 MP: 2/2
   163 | D:1      | Reached skill level 6 in Ranged Weapons
   168 | D:1      | Reached XP level 3. HP: 22/22 MP: 3/3
   831 | D:2      | Reached XP level 4. HP: 28/28 MP: 4/4
  1092 | D:2      | Found an ancient bone altar of Kikubaaqudgha.
  1257 | D:2      | Found Aladonum's Magic Scroll Emporium.
  1268 | D:2      | Bought a scroll of noise for 11 gold pieces
  1268 | D:2      | Bought a scroll of identify for 22 gold pieces
  1754 | D:3      | Reached skill level 7 in Ranged Weapons
  1772 | D:3      | Found Koepn's Antique Armour Shoppe.
  2061 | D:3      | Reached XP level 5. HP: 32/32 MP: 5/5
  2451 | D:4      | Found a staircase to the Ecumenical Temple.
  2470 | Temple   | Entered the Ecumenical Temple
  2492 | Temple   | Became a worshipper of Hepliaklqana the Forgotten
  3040 | D:4      | Reached skill level 8 in Ranged Weapons
  3040 | D:4      | Reached XP level 6. HP: 33/38 MP: 6/6
  3477 | D:4      | Reached XP level 7. HP: 13/44 MP: 7/7
  3657 | D:4      | Identified the +1 leather armour of the Untouchables {rElec
                  | rC- Will+++ Int+4}
  3789 | D:5      | Entered Level 5 of the Dungeon
  3872 | D:5      | Reached skill level 9 in Ranged Weapons
  3888 | D:5      | Slain by a gnoll bouda

Illustrated notes

Levels and vault maps discovered:
D:1:      sevenhm_arrival_forest_fort_large_2, layout_rooms,
          nicolae_houndstooth_variations
D:2:      layout_loops_ring, serial_shops, shop_fountains, basic_altar
D:3:      layout_loops_ring, serial_glass, glass_columns_b, glass_columns_b,
          item_on_display_a, serial_shops, shop_statue
D:4:      minmay_chambers_of_twos, layout_basic, minmay_temple_entry_offerings
D:5:      layout_rooms
Temple:   regret_index_temple_sphere_string

Skill      XL: |  1  2  3  4  5  6  7 |
---------------+----------------------+-----
Ranged Weapons | 6 7 8 9 |  9.0
Fighting       | 3 4 |  4.8
Dodging        | |  2.4
Stealth        | |  1.3

Action                     |  1- 3 |  4- 6 |  7- 9 || total
---------------------------+-------+-------+-------++-------
   Fire: Shortbow          |    78 |   171 |    17 ||   266
    Use: Scroll            |       |     7 |     1 ||     8
 Armour: Leather armour    |     6 |    11 |       ||    17
  Dodge: Dodged            |    25 |    56 |     5 ||    86

Table legend: (Time is in decaauts)
 A = Elapsed time spent in this place.
 B = Non-inter-level travel time spent in this place.
 C = Inter-level travel time spent in this place.
 D = Time resting spent in this place.
 E = Time spent auto-exploring this place.
 F = Levels seen in this place.
 G = Mean time per level.
                   A        B        C        D        E       F      G
               +--------+--------+--------+--------+--------+-----+--------+
         Total |   3909 |   3697 |    212 |    442 |   2712 |   6 |  651.5 |
       Dungeon |   3865 |   3696 |    169 |    442 |   2712 |   5 |  773.0 |
        Temple |     44 |      1 |     43 |      0 |      0 |   1 |   44.0 |
               +--------+--------+--------+--------+--------+-----+--------+

Top non-repeatable levels by time:
     D:4: 1373 daAuts
     D:2: 914 daAuts
     D:3: 744 daAuts
     D:1: 732 daAuts
     D:5: 98 daAuts
  Temple: 44 daAuts
